 Dungeon Crawl Stone Soup version 0.20.1-1-g8b1a95d (webtiles) character file.

9936 torrenera the Cleaver (level 11, -2/103 HPs)
             Began as a Deep Dwarf Necromancer on Sept 1, 2017.
             Was an Elder of Makhleb.
             Slain by a gnoll
             ... wielding a +0 halberd
              (9 damage)
             ... on level 10 of the Dungeon.
             The game lasted 00:36:30 (13603 turns).

torrenera the Cleaver (Deep Dwarf Necromancer)     Turns: 13603, Time: 00:36:31

Health: -2/103     AC: 10    Str: 16    XL:     11   Next: 29%
Magic:  26/26      EV: 12    Int: 15    God:    Makhleb [****..]
Gold:   601        SH:  0    Dex: 13    Spells: 1/13 levels left

rFire    . . .     SeeInvis .   w - +0 war axe
rCold    . . .     Gourm    .   (no shield)
rNeg     + . .     Faith    .   S - +0 troll leather armour
rPois    .         Spirit   .   T - +1 helmet
rElec    .         Reflect  .   t - +0 cloak
rCorr    .         Harm     .   y - +0 pair of gloves
MR       +....                  K - +0 pair of boots
Stlth    ++........             (no amulet)
Regen    0.0/turn               e - ring of positive energy
MPRegen  0.2/turn               h - ring of magical power

@: non-regenerating
A: damage resistance, heal wounds, sense surroundings 2, no regeneration
a: Heal Wounds, Minor Destruction, Lesser Servant of Makhleb, Major Destruction,
Renounce Religion


You were on level 10 of the Dungeon.
You worshipped Makhleb.
Makhleb was greatly pleased with you.
You were very hungry.

You visited 3 branches of the dungeon, and saw 12 of its levels.

You collected 601 gold pieces.

Inventory:

Hand Weapons
 i - a +2 flail of draining
 p - a +0 blowgun
 u - a +1 dagger of flaming
 w - a +0 war axe (weapon)
Missiles
 f - 241 stones (quivered)
 g - 86 sling bullets
 l - 54 poisoned needles
Armour
 k - a +0 buckler
 t - a +0 cloak (worn)
 y - a +0 pair of gloves (worn)
 K - a +0 pair of boots (worn)
 S - a +0 troll leather armour (worn)
 T - a +1 helmet (worn)
Magical Staves
 z - an uncursed staff of earth {unknown}
Jewellery
 e - a ring of positive energy (left hand)
 h - a ring of magical power (right hand)
 q - an uncursed ring of resist corrosion
 H - an uncursed ring of fire
 X - an uncursed ring of protection from fire {unknown}
Wands
 x - a wand of disintegration (0/24)
 G - a wand of digging (9/24)
 L - a wand of iceblast (8/15)
 N - a wand of polymorph (14/24)
 P - a wand of iceblast (7/15)
 U - a wand of clouds (4/9)
 W - a wand of iceblast (7/15)
 Y - a wand of flame (6/48)
Scrolls
 a - a scroll of fog {unknown}
 d - 2 scrolls of remove curse
 m - 3 scrolls of enchant armour {unknown}
 r - 3 scrolls of magic mapping
 C - a scroll of brand weapon {unknown}
 D - a scroll of teleportation {unknown}
 F - a scroll of immolation {unknown}
 Q - a scroll of fear {unknown}
Potions
 n - 6 potions of curing
 o - a potion of resistance
 s - 2 potions of haste {unknown}
 v - 2 potions of heal wounds
 B - 2 potions of might {unknown}
 I - 2 potions of flight {unknown}
 J - a potion of lignification {unknown}
 M - a potion of invisibility {unknown}
 O - 2 potions of cancellation {unknown}
 R - 2 potions of magic {unknown}
 V - a potion of ambrosia {unknown}
Books
 b - a book of Necromancy

   Spells                             Type                      Level
   a - Pain                           Necromancy                   1
   b - Animate Skeleton               Necromancy                   1
   c - Vampiric Draining              Necromancy                   3
   d - Regeneration                   Charms/Necromancy            3
   e - Animate Dead                   Necromancy                   4
   f - Control Undead                 Necromancy                   4
Comestibles
 c - 9 bread rations
 j - 9 fruits
 A - 7 meat rations
 E - 8 royal jellies


   Skills:
 - Level 8.2 Fighting
 - Level 11.3 Axes
 + Level 4.7 Armour
 - Level 2.1 Dodging
 - Level 2.4 Stealth
 - Level 1.7 Spellcasting
 - Level 9.2 Necromancy
 - Level 9.3 Invocations


You had one spell level left.
You knew the following spells:

 Your Spells              Type           Power        Failure   Level  Hunger
a - Pain                  Necr           ####         1%          1    ##.....
b - Vampiric Draining     Necr           ####......   1%          3    ####...
c - Animate Dead          Necr           N/A          6%          4    #####..
d - Control Undead        Necr           ####......   6%          4    #####..


Dungeon Overview and Level Annotations

Branches:
Dungeon (10/15)            Temple (1/1) D:4            Lair (1/6) D:9
    Orc: D:9-12

Altars:
Ashenzari
Cheibriados
Elyvilon
Fedhas
Gozag
Hepliaklqana
Kikubaaqudgha
Makhleb
Nemelex Xobeh
Okawaru
Qazlal
Ru
Sif Muna
Trog
Uskayaw
Vehumet
Xom
Yredelemnul
Zin
The Shining One


Innate Abilities, Weirdness & Mutations

You are resistant to damage.
You can heal yourself by infusing magical energy.
You passively map the area around you.
You do not regenerate.


Message History

You hit the gnoll shaman.
The gnoll shaman is moderately wounded.
The gnoll shaman closely misses you.
A big kobold comes into view. It is wielding a club.
You hit the gnoll shaman.
The gnoll shaman is heavily wounded.
The gnoll hits you from afar with a halberd!
* * * LOW HITPOINT WARNING * * *
The gnoll shaman barely misses you.
You slash the gnoll shaman!
The gnoll shaman is almost dead.
The gnoll hits you from afar with a halberd!
* * * LOW HITPOINT WARNING * * *
The gnoll shaman barely misses you.
You closely miss the gnoll shaman.
The gnoll shaman is almost dead.
The gnoll shaman calls upon its god to speed up the gnoll.
The gnoll seems to speed up.
The gnoll hits you from afar with a halberd!
You die...

#................#####.##..
#####.###.##..##.....#.##..
#.# #.###)..####.#.##.. #.#
#........##..#.#### * * **
#.# #######..##.##.# , ,
#.# ####..##.# , #.######
#........# , , , * #......#
#........# * ,, ,,
#######@# #.....)..# ,,, ,,
......#g# #........#* #.gg#
#........# ##KK#*
#......... * * * #.K.
#.........#* ,, ,,,, ,,
##.## ....##..... , , ,*
#.#*, ,,, ,, , * * #.# , *
, ,, , ** * , *#.. ,


You could see a big kobold, a gnoll shaman, 2 gnolls and 2 kobolds.

Vanquished Creatures
  Pikel (D:9)
  Joseph (D:7)
  A spiny frog (Lair:1)
  A troll (D:8)
  2 hippogriffs
  Sigmund (D:3)
  3 wyverns
  4 hogs (D:7)
  4 yaks
  2 basilisks (D:9)
  A human (D:7)
  A hungry ghost (D:7)
  Edmund (D:4)
  6 porcupines
  A water moccasin (D:9)
  7 orc warriors
  A black bear (D:6)
  A slave (D:9)
  6 ogres
  A phantom (D:8)
  2 necrophages
  3 sky beasts
  4 centaurs
  An ice beast (D:9)
  2 crocodiles (D:9)
  6 bullfrogs
  Blork the orc (D:4)
  A water moccasin zombie (D:6)
  3 scorpions
  5 killer bees (D:7)
  3 vampire bats (D:8)
  7 crimson imps
  2 hounds
  A centaur zombie (D:10)
  A centaur skeleton (D:6)
  6 orc priests
  2 bullfrog skeletons
  16 orc wizards
  5 iguanas
  Ijyb (D:3)
  3 worker ants
  4 worker ant zombies
  2 howler monkey skeletons
  12 adders
  3 shadow imps
  2 oozes (D:1)
  An adder zombie (D:8)
  2 adder skeletons
  2 worms (D:2)
  2 dart slugs
  11 leopard geckos
  64 orcs
  3 bat skeletons (D:8)
  3 bat zombies (D:8)
  11 giant cockroaches
  11 hobgoblins
  18 jackals
  5 quokkas
  5 bats
  A frilled lizard (D:2)
  7 goblins
  3 jackal zombies
  11 kobolds
  6 rats
  A fungus (D:1)
311 creatures vanquished.

Vanquished Creatures (collateral kills)
  A gargoyle (D:10)
1 creature vanquished.

Vanquished Creatures (others)
  A slave (D:9)
  A fungus (D:9)
  7 plants (D:9)
9 creatures vanquished.

Grand Total: 321 creatures vanquished

Notes
Turn   | Place    | Note
-------+----------+-------------------------------------------
     0 | D:1      | torrenera the Deep Dwarf Necromancer began the quest for the Orb.
     0 | D:1      | Reached XP level 1. HP: 15/15 MP: 3/3
   483 | D:1      | Reached skill level 5 in Necromancy
   483 | D:1      | Reached XP level 2. HP: 13/22 MP: 0/4
  1128 | D:1      | Reached XP level 3. HP: 11/28 MP: 3/5
  1155 | D:1      | Learned a level 3 spell: Vampiric Draining
  1686 | D:2      | Found an iron altar of Okawaru.
  2410 | D:2      | Reached XP level 4. HP: 36/36 MP: 6/6
  2932 | D:3      | Noticed Sigmund
  3135 | D:3      | Noticed Ijyb
  3152 | D:3      | Killed Ijyb
  3152 | D:3      | Reached XP level 5. HP: 42/42 MP: 3/7
  3281 | D:3      | Killed Sigmund
  3281 | D:3      | Reached XP level 6. HP: 37/49 MP: 5/8
  3354 | D:3      | Found a shattered altar of Ashenzari.
  3362 | D:3      | Noticed an orc warrior
  3748 | D:3      | Killed an orc warrior
  3888 | D:3      | Learned a level 4 spell: Animate Dead
  3921 | D:3      | Reached XP level 7. HP: 50/56 MP: 9/9
  3923 | D:3      | Reached skill level 1 in Fighting
  4196 | D:4      | Noticed Edmund
  4210 | D:4      | Killed Edmund
  4881 | D:4      | Noticed Blork the orc
  4890 | D:4      | Killed Blork the orc
  4996 | D:4      | Found a hazy altar of Hepliaklqana.
  5034 | D:4      | Reached XP level 8. HP: 71/73 MP: 10/10
  5101 | D:4      | Found a staircase to the Ecumenical Temple.
  5121 | Temple   | Entered the Ecumenical Temple
  5141 | Temple   | Became a worshipper of Makhleb the Destroyer
  5420 | D:5      | Entered Level 5 of the Dungeon
  5510 | D:5      | Reached skill level 5 in Fighting
  6125 | D:5      | Found an opulent altar of Gozag.
  6125 | D:5      | Found a radiant altar of Vehumet.
  6125 | D:5      | Found a bloodstained altar of Trog.
  6376 | D:6      | Found a basalt altar of Yredelemnul.
  6403 | D:6      | Reached * piety under Makhleb
  6403 | D:6      | Reached skill level 1 in Axes
  6411 | D:6      | Reached skill level 2 in Axes
  6803 | D:6      | Found a hide-covered altar of Uskayaw.
  6837 | D:6      | Reached skill level 3 in Axes
  7000 | D:6      | Reached skill level 4 in Axes
  7219 | D:6      | Reached skill level 5 in Axes
  7542 | D:6      | Reached skill level 6 in Axes
  7542 | D:6      | Gained mutation: You passively map the area around you. [Deep Dwarf growth]
  7542 | D:6      | Reached XP level 9. HP: 73/85 MP: 11/11
  7704 | D:6      | Reached ** piety under Makhleb
  8001 | D:7      | Paralysed by fainting for 5 turns
  8014 | D:7      | Reached skill level 7 in Axes
  8129 | D:7      | Noticed Joseph
  8156 | D:7      | Killed Joseph
  8156 | D:7      | Reached skill level 8 in Axes
  8668 | D:7      | Reached skill level 9 in Axes
  8889 | D:7      | Reached skill level 10 in Axes
  8897 | D:7      | Reached XP level 10. HP: 24/94 MP: 10/12
  9596 | D:7      | Learned a level 4 spell: Control Undead
  9845 | D:8      | Reached *** piety under Makhleb
 10063 | D:8      | Reached skill level 11 in Axes
 10549 | D:8      | Reached skill level 1 in Invocations
 10572 | D:8      | Found an ancient bone altar of Kikubaaqudgha.
 10913 | D:9      | Found a staircase to the Lair.
 11074 | D:9      | Reached skill level 5 in Invocations
 11220 | D:8      | Reached **** piety under Makhleb
 11886 | D:9      | Reached XP level 11. HP: 76/102 MP: 13/17
 11980 | D:9      | Noticed Pikel
 12001 | D:9      | Killed Pikel
 12205 | D:9      | Reached skill level 1 in Armour
 13121 | Lair:1   | Entered Level 1 of the Lair of Beasts
 13368 | D:10     | Entered Level 10 of the Dungeon
 13603 | D:10     | Slain by a gnoll

Skill      XL: |  1  2  3  4  5  6  7  8  9 10 11 |
---------------+----------------------------------+-----
Necromancy     | 5 6 7 8 9 |  9.2
Fighting       | 4 6 7 8 |  8.2
Axes           | 6 10 11 | 11.3
Invocations    | 8 9 |  9.3
Armour         | 4 |  4.7
Dodging        | |  2.1
Stealth        | |  2.4
Spellcasting   | |  1.7

Action                   |  1- 3 |  4- 6 |  7- 9 | 10-12 || total
-------------------------+-------+-------+-------+-------++-------
Melee: Unarmed           |    63 |       |       |       ||    63
       Flail             |       |    18 |   117 |       ||   135
       War axe           |       |       |   213 |   347 ||   560
 Fire: Blowgun           |       |     3 |     5 |       ||     8
Throw: Stone             |     6 |     7 |    12 |    21 ||    46
 Cast: Pain              |    65 |    72 |    16 |    20 ||   173
       Vampiric Draining |    11 |    23 |   119 |   118 ||   271
Invok: Lesser Servant of |       |       |       |     1 ||     1
 Abil: Heal Wounds       |       |       |       |     2 ||     2
Evoke: Wand              |       |       |     4 |       ||     4
  Use: Scroll            |     2 |       |     2 |       ||     4
       Potion            |       |       |     2 |       ||     2
 Stab: Sleeping          |       |       |     5 |     1 ||     6
  Eat: Chunk             |     7 |    10 |    31 |    29 ||    77
       Fruit             |       |       |     4 |     3 ||     7
Armor: Robe              |     4 |     9 |    89 |     9 ||   111
       Ring mail         |       |       |       |    66 ||    66
       Troll leather arm |       |       |       |    60 ||    60
Dodge: Dodged            |    16 |    41 |   321 |   235 ||   613
